 Dungeon Crawl Stone Soup version 0.29-a0-341-g24ffce5b50 (webtiles) character file.

Game seed: 5000491389251202248

53 Flugkiller the Chopper (level 3, -9/31 HPs)
             Began as a Palentonga Chaos Knight on Apr 20, 2022.
             Was a Plaything of Xom.
             Killed by divine providence
             ... invoked by an orc priest
              (15 damage)
             ... on level 2 of the Dungeon.
             The game lasted 00:01:03 (1307 turns).

Flugkiller the Chopper (Palentonga Chaos Knight)    Turns: 1307, Time: 00:01:03

Health: -9/31      AC:  6    Str: 17    XL:     3   Next: 62%
Magic:  3/3        EV:  8    Int: 12    God:    Xom [.....*]
Gold:   38         SH:  2    Dex:  9    Spells: 2/2 levels left

rFire   . . .      SeeInvis +   a - +0 hand axe (chaos)
rCold   . . .      Faith    .   f - +0 buckler
rNeg    . . .      Spirit   .   b - +2 leather armour
rPois   .          Reflect  .   (no helmet)
rElec   .          Harm     .   (no cloak)
rCorr   .          Rampage  .   (no gloves)
Will    .....                   (no barding)
Stlth   +.........              (no amulet)
HPRegen 0.10/turn               (no ring)
MPRegen 0.08/turn               (no ring)

@: brilliant, attractive
A: large, rugged brown scales 3, see invisible, deformed body, roll 1, armoured
tail, talons 1, mutation resistance 1
a: Rolling Charge, Renounce Religion


You were on level 2 of the Dungeon.
You worshipped Xom.
You were Xom's teddy bear.
You visited 1 branch of the dungeon, and saw 2 of its levels.

You collected 38 gold pieces.

Inventory:

Hand Weapons
 a - a +0 hand axe of chaos (weapon)
Armour
 b - a +2 leather armour (worn)
 f - a +0 buckler (worn)
   (You found it on level 1 of the Dungeon)
Jewellery
 g - an amulet of magic regeneration
   (You found it on level 1 of the Dungeon)
Scrolls
 e - a scroll of vulnerability {unknown}
 h - a scroll of holy word {unknown}
 k - a scroll of enchant weapon {unknown}
 l - a scroll of identify {unknown}
Miscellaneous
 c - a piece from Xom's chessboard (15/15) (quivered)


   Skills:
 + Level 3.4 Fighting
 * Level 3.9 Axes
 + Level 2.1 Armour
 - Level 0.7 Dodging


You had 2 spell levels left.
You didn't know any spells.
Your spell library contained the following spells:

 Spells                   Type           Power      Damage    Failure   Level
 Freeze                   Ice            0%         1d3       45%         1
 Frozen Ramparts          Ice            0%         1d2       83%         3
 Hailstorm                Conj/Ice       0%         3d3       99%         4


Dungeon Overview and Level Annotations

Branches:
Dungeon (2/15)

Altars:
Kikubaaqudgha


Innate Abilities, Weirdness & Mutations

You are completely covered in rugged brown scales. (AC +3, +7% HP)
You have supernaturally acute eyesight. (SInv)
Armour fits poorly on your strangely shaped body.
You can roll at nearby foes to attack.
You have a long armoured tail.
You have sharp toenails.
You are somewhat resistant to further mutation.


Message History

The ball python closely misses you.
There is an open door here.
You hit the ball python.
You kill the ball python!
No target in view!
No target in view!
No target in view!
No target in view!
No target in view!
No target in view!
No target in view!
No target in view!
No target in view!
You open the door.
An adder comes into view.
An adder is nearby!
An adder is nearby!
The adder barely misses you. The adder completely misses you.
There is an open door here.
You barely miss the adder. The adder bites you but does no damage.
You hit the adder.
Your tail-slap misses the adder.
The adder is severely wounded.
The adder bites you but does no damage. x2
You hit the adder.
You kill the adder!
No target in view!
No target in view!
No target in view!
No target in view!
No target in view!
No target in view!
No target in view!
No target in view!
No target in view!
Found a spear.
You see here a +0 spear.
You see here 23 stones.
You open the door.
A rat, an orc priest and 3 orcs come into view.
The orc shouts!
The orc priest shouts!
The orc shouts! x2
The rat moves out of view.
Found 14 gold pieces, a staff of fire and a shiny orb.
There are monsters nearby!
Found a fuming green potion.
The orc barely misses you.
There is an open door here.
You hit the orc.
The orc looks as sick as possible!
The orc is almost dead.
You hit the orc but do no damage.
You kill the orc!
The orc priest invokes the aid of Beogh against you.
Beogh smites you! The orc hits you but does no damage.
You are too injured to fight recklessly!
You are too injured to fight recklessly!
You are too injured to fight recklessly!
You are too injured to fight recklessly!
You are too injured to fight recklessly!
Unknown command.
The orc attacks as you move away! The orc hits you with a +0 short sword.
The orc attacks as you move away! The orc hits you but does no damage.
You see here 23 stones.
It was a potion of attraction.
You feel attractive to monsters. The orc hits you but does no damage.
It was a potion of brilliance.
You feel clever all of a sudden.
Xom opens a gate.
You are now Xom's teddy bear.
The orc priest hits your ufetubus with a +0 flail!
Your ufetubus dies!
Your ufetubus disappears in a puff of smoke!
The orc closely misses you.
It was a potion of mutation.
You feel extremely strange.
Your toenails lengthen and sharpen.
You feel genetically stable.
Xom thinks this is hilarious!
The orc closely misses you.
Unknown command.
You hit the orc.
You feel better.
The orc is almost dead.
The orc hits you but does no damage.
You hit the orc. You burn the orc.
You kill the orc!
You hit the orc priest. You burn the orc priest.
Your kick misses the orc priest.
Your tail-slap misses the orc priest.
The orc priest is moderately wounded.
The orc priest hits you with a +0 flail.
You barely miss the orc priest. Your kick misses the orc priest.
Your tail-slap misses the orc priest.
The orc priest is moderately wounded.
The orc priest hits you with a +0 flail.
You hit the orc priest. You freeze the orc priest.
Your kick misses the orc priest.
Your tail-slap misses the orc priest.
The orc priest is severely wounded.
The orc priest hits you with a +0 flail.
* * * LOW HITPOINT WARNING * * *
The orc priest hits you with a +0 flail.
* * * LOW HITPOINT WARNING * * *
You closely miss the orc priest.
The orc priest is severely wounded.
The orc priest mumbles some strange prayers to Beogh against you.
Beogh smites you!
You die...

#.###.##.##.#
#.#....#.##.##
#.#.#..#.....#
#.#.#...#....######
#.#.....#.#..#.....
#.###.#...#...[....
#.....#..##.#......
#########...........
#ro@...........###+#
#o###..............# #.#
#..............# #o#
##.._........... #r#
#............##
#.....)...#.....#......#
#...[|....#....##>.....#
#..$......#######......#
#!.........# #......#


You could see an orc priest, an orc and a rat.

Vanquished Creatures
  An adder (D:2)
  A dart slug (D:1)
  2 orcs (D:2)
  4 bats
  4 endoplasms (D:1)
  3 giant cockroaches
  2 hobgoblins (D:2)
  4 jackals (D:1)
  2 kobolds (D:1)
  A quokka (D:1)
  5 ball pythons
  A frilled lizard (D:1)
  3 goblins (D:1)
  2 rats (D:1)
35 creatures vanquished.

Notes
Turn   | Place    | Note
-------+----------+-------------------------------------------
     0 | D:1      | Flugkiller the Palentonga Chaos Knight began the quest for
                  | the Orb.
     0 | D:1      | Reached XP level 1. HP: 19/19 MP: 1/1
   199 | D:1      | Reached XP level 2. HP: 22/25 MP: 2/2
   626 | D:1      | You fall into a shaft and drop 1 floor!
   638 | D:2      | Found an ancient bone altar of Kikubaaqudgha.
   722 | D:2      | Reached XP level 3. HP: 30/31 MP: 3/3
   895 | D:1      | XOM: 10-stop teleportation journey
   942 | D:1      | XOM: noise
  1222 | D:2      | Found a faded altar of an unknown god.
  1300 | D:2      | XOM: summons friendly ufetubus
  1301 | D:2      | Gained mutation: You have sharp toenails. [potion of
                  | mutation]
  1301 | D:2      | Gained mutation: You are somewhat resistant to further
                  | mutation. [potion of mutation]
  1307 | D:2      | Killed from afar by an orc priest

Illustrated notes

Levels and vault maps discovered:
D:1:      dpeg_arrival_connections, layout_loops_ring
D:2:      layout_basic, basic_altar, ebering_ecumenical_altar_rust,
          grunt_decor_fettered, minmay_snake_closets

Skill      XL: |  1  2  3 |
---------------+----------+-----
Armour         | 2 |  2.1
Fighting       | |  3.4
Axes           | |  3.9
Dodging        | |  0.7

Action                   || total
-------------------------++-------
Melee: Hand axe          ||    93
       Tailslap          ||     5
  Use: Potion            ||     3
Armor: Leather armour    ||    56
Dodge: Dodged            ||    48
Block: Buckler           ||     9

Table legend: (Time is in decaauts)
 A = Elapsed time spent in this place.
 B = Non-inter-level travel time spent in this place.
 C = Inter-level travel time spent in this place.
 D = Time resting spent in this place.
 E = Time spent auto-exploring this place.
 F = Levels seen in this place.
 G = Mean time per level.
                   A        B        C        D        E       F      G
               +--------+--------+--------+--------+--------+-----+--------+
         Total |   1321 |   1265 |     56 |    337 |    669 |   2 |  660.5 |
       Dungeon |   1321 |   1265 |     56 |    337 |    669 |   2 |  660.5 |
               +--------+--------+--------+--------+--------+-----+--------+

Top non-repeatable levels by time:
     D:1: 1116 daAuts
     D:2: 204 daAuts
